Map: [ESL] Data-C

Players

Elazer - Winner!

  • Race: Zerg Zerg
  • Spawn Location: 3:00

FightingFrog

  • Race: Protoss Protoss
  • Spawn Location: 9:00

Event: DreamHack SC2 Masters 2022 Valencia

VOD

Have the link to the VOD?

Description

Time

  • Played on: July 1, 2022, 5:06 p.m.
  • Length: 18:54

All games in this series

Show
View Real Time Build Order
Export as new Build Order

Elazer Zerg - Winner!

Build Orders: Hatch First 

Get SALT Encoding   

  12  0:01  Drone  
  13  0:12  Overlord  
  13  0:17  Drone  
  14  0:30  Drone x2  
  16  0:49  Hatchery  
  15  0:52  Drone  
  15  0:55  Drone  
  17  0:58  Drone  
  18  1:10  Extractor  
  17  1:14  Spawning Pool  
  17  1:17  Drone  
  17  1:20  Drone  
  18  1:28  Drone  
  19  1:39  Drone  
  20  1:49  Drone  
  21  2:01  Queen x2  
  25  2:02  Zergling x2  
  25  2:07  Overlord  
  26  2:14  Metabolic Boost  
  26  2:16  Drone x2  
  28  2:25  Drone x2  
  30  2:37  Drone  
  30  2:39  Hatchery  
  30  2:44  Queen  
  30  2:47  Drone  
  30  2:51  Overlord  
  33  2:53  Drone  
  33  2:55  Drone  
  33  2:58  Drone  
  36  3:09  Queen  
  36  3:10  Overlord  
  36  3:11  Drone x2  
  40  3:15  Drone x2  
  42  3:20  Queen  
  44  3:30  Drone x2  
  44  3:33  Spore Crawler  
  44  3:34  Drone x2  
  47  3:39  Overlord  
  47  3:41  Drone  
  48  3:42  Drone x3  
  51  3:51  Queen  
  51  3:52  Drone x4  
  57  3:59  Drone x2  
  59  4:03  Queen  
  59  4:07  Overlord  
  61  4:12  Drone x2  
  61  4:16  Zergling x6  
  66  4:18  Overlord  
  66  4:19  Overlord  
  66  4:29  Queen, Zergling x4  
  66  4:30  Zergling x2  
  71  4:32  Overlord  
  71  4:34  Drone x3  
  71  4:37  Extractor, Drone x2  
  75  4:38  Roach Warren, Drone  
  75  4:40  Drone x2  
  75  4:42  Drone  
  75  4:45  Queen  
  80  4:48  Drone x2  
  80  4:50  Drone x2  
  84  4:56  Lair  
  84  4:58  Extractor  
  84  4:59  Drone x2  
  85  5:03  Overlord  
  84  5:13  Overlord  
  83  5:15  Zergling x2  
  83  5:16  Evolution Chamber, Zergling x12  
  83  5:21  Queen x2  
  89  5:22  Overlord  
  93  5:32  Overlord  
  93  5:35  Extractor  
  92  5:36  Drone x3, Extractor  
  92  5:37  Drone x3  
  92  5:40  Roach x3  
  92  5:42  Overlord  
  102  5:46  Zerg Missile Weapons Level 1  
  102  5:48  Drone  
  102  5:49  Extractor  
  103  5:50  Drone x3  
  103  5:51  Drone  
  103  5:53  Roach x3  
  103  5:55  Glial Reconstitution  
  103  5:57  Overlord  
  111  6:02  Drone  
  111  6:11  Zergling x14, Hatchery  
  114  6:16  Overlord  
  116  6:19  Spire  
  116  6:23  Overseer  
  115  6:26  Queen  
  115  6:27  Overlord, Queen  
  115  6:31  Zergling x10  
  124  6:33  Drone  
  124  6:39  Drone  
  125  7:07  Roach x14  
  148  7:15  Overlord x2  
  140  7:17  Drone x5  
  140  7:20  Overseer  
  133  7:32  Corruptor x7  
  133  7:36  Extractor  
  146  7:40  Corruptor  
  146  7:41  Corruptor x2  
  146  7:42  Drone  
  153  7:45  Extractor  
  153  7:47  Overlord x2  
  153  7:51  Corruptor x2  
  152  7:56  Corruptor  
  158  8:03  Corruptor  
  158  8:20  Corruptor x2  
  158  8:21  Corruptor  
  158  8:23  Zergling x32  
  180  8:32  Corruptor x2  
  178  8:41  Roach x3, Overlord x2  
  184  8:53  Overlord  
  182  8:56  Ravager  
  182  8:57  Ravager  
  176  9:14  Ravager x4  
  176  9:15  Ravager x5  
  176  9:16  Zergling x32  
  184  9:35  Corruptor x5  
  174  9:47  Corruptor x2  
  174  9:48  Queen x4  
  153  10:00  Corruptor x3  
  153  10:05  Corruptor  
  141  10:08  Corruptor  
  141  10:10  Drone x9  
  147  10:19  Corruptor x2, Zergling x2  
  152  10:24  Zerg Flyer Weapons Level 1  
  152  10:28  Corruptor  
  154  10:38  Corruptor x2  
  158  10:44  Zergling x14  
  158  10:45  Hatchery  
  164  10:50  Corruptor x2  
  164  10:53  Corruptor  
  170  11:01  Infestation Pit  
  170  11:02  Corruptor  
  171  11:07  Corruptor  
  173  11:11  Corruptor  
  173  11:17  Drone x11  
  173  11:18  Drone x2  
  188  11:24  Extractor  
  187  11:27  Extractor  
  187  11:30  Corruptor x2  
  187  11:31  Roach  
  192  11:33  Zerg Missile Weapons Level 2  
  192  11:38  Hatchery  
  191  11:40  Evolution Chamber  
  190  11:49  Hive  
  190  11:53  Drone x6  
  196  11:57  Spore Crawler  
  196  11:58  Spore Crawler x2  
  193  12:03  Spore Crawler  
  193  12:04  Spore Crawler, Overlord  
  193  12:06  Spore Crawler  
  193  12:08  Drone x9  
  199  12:20  Corruptor x5  
  193  12:33  Corruptor x3  
  178  12:52  Roach  
  178  12:53  Roach x11  
  178  12:58  Burrow  
  192  13:08  Spore Crawler x4  
  192  13:10  Spore Crawler  
  187  13:13  Roach x6  
  189  13:32  Roach x8  
  171  13:41  Roach x5  
  171  13:42  Roach x9  
  171  13:44  Queen x4  
  197  13:52  Zerg Missile Weapons Level 3, Zerg Ground Armor Level 1  
  197  13:59  Ravager x2  
  199  14:08  Pneumatized Carapace  
  180  14:26  Greater Spire  
  180  14:27  Queen x3  
  180  14:28  Corruptor x2  
  180  14:29  Corruptor x5  
  186  14:57  Corruptor x7  
  186  14:58  Corruptor x8  
  190  15:05  Roach  
  190  15:06  Roach x2  
  186  15:18  Roach  
  186  15:19  Roach x5, Spore Crawler, Spine Crawler  
  186  15:20  Spine Crawler x2  
  194  15:25  Overseer x3  
  194  15:31  Ravager x4  
  194  15:32  Zergling x2  
  199  15:59  Hatchery  
  199  16:01  Zerg Melee Weapons Level 1  
  194  16:20  Spine Crawler x2  
  194  16:21  Spine Crawler x3  
  194  16:22  Spine Crawler x3  
  194  16:23  Spine Crawler x2  
  194  16:25  Spore Crawler  
  175  16:36  Brood Lord  
  175  16:37  Brood Lord x6  
  185  16:44  Corruptor x3  
  189  16:53  Corruptor x3  
  195  16:57  Overlord x4  
  195  16:59  Zerg Flyer Armor Level 1  
  191  17:02  Hatchery  
  184  17:21  Corruptor  
  184  17:22  Corruptor x6  
  187  17:34  Roach x5  
  176  17:57  Roach x10  
  179  18:16  Brood Lord  
  179  18:17  Brood Lord  
  179  18:18  Hatchery  
  182  18:37  Hatchery  
Show
View Real Time Build Order
Export as new Build Order

FightingFrog Protoss 

Build Orders: 1 Gate Expand, Oracle Opening, Carriers 

Get SALT Encoding   

  12  0:00  Probe  
  13  0:12  Probe  
  14  0:18  Pylon  
  14  0:24  Probe (Chrono Boost)  
  15  0:37  Probe (Chrono Boost)  
  15  0:38  Gateway  
  16  0:44  Probe (Chrono Boost)  
  16  0:47  Assimilator  
  17  0:51  Probe  
  18  1:03  Probe  
  19  1:15  Probe  
  20  1:24  Nexus  
  20  1:28  Probe  
  21  1:38  Cybernetics Core  
  21  1:43  Assimilator  
  21  1:46  Probe  
  22  1:53  Pylon  
  22  1:58  Probe  
  23  2:11  Probe (Chrono Boost)  
  23  2:12  Adept (Chrono Boost)  
  26  2:15  Warp Gate  
  27  2:23  Probe (Chrono Boost)  
  27  2:26  Stargate  
  27  2:29  Probe (Chrono Boost)  
  27  2:35  Adept  
  31  2:37  Probe  
  31  2:38  Probe  
  32  2:49  Probe (Chrono Boost)  
  34  2:55  Probe (Chrono Boost)  
  35  3:00  Probe (Chrono Boost)  
  35  3:04  Probe (Chrono Boost)  
  35  3:05  Probe (Chrono Boost)  
  36  3:09  Oracle (Chrono Boost)  
  40  3:14  Probe  
  41  3:20  Nexus  
  41  3:24  Probe  
  41  3:26  Probe  
  43  3:29  Pylon  
  43  3:34  Assimilator  
  43  3:36  Probe  
  43  3:39  Probe, Gateway  
  49  3:50  Void Ray (Chrono Boost), Probe  
  49  3:52  Probe  
  49  3:55  Pylon, Assimilator  
  51  4:02  Probe  
  52  4:04  Probe  
  52  4:09  Pylon  
  53  4:13  Sentry, Forge  
  53  4:14  Probe  
  53  4:16  Probe  
  57  4:18  Warp Prism  
  57  4:26  Probe  
  57  4:29  Probe  
  59  4:33  Probe  
  59  4:34  Gateway  
  59  4:38  Fleet Beacon  
  60  4:39  Probe  
  60  4:41  Probe  
  60  4:43  Stargate  
  60  4:45  Probe  
  63  4:48  Shield Battery  
  63  4:51  Probe  
  64  4:56  Probe  
  64  4:57  Probe  
  66  5:03  Probe, Zealot x2  
  70  5:08  Probe  
  70  5:09  Probe  
  70  5:15  Probe  
  70  5:20  Probe  
  72  5:21  Probe  
  72  5:27  Probe  
  80  5:32  Probe  
  80  5:34  Pylon, Carrier (Chrono Boost)  
  81  5:38  Probe  
  83  5:42  Probe  
  83  5:45  Pylon, Probe  
  83  5:47  Assimilator  
  83  5:49  Pylon, Carrier (Chrono Boost)  
  84  5:50  Probe  
  84  5:55  Probe  
  93  5:57  Probe  
  93  5:59  Protoss Air Weapons Level 1 (Chrono Boost)  
  93  6:03  Probe  
  94  6:07  Probe  
  94  6:09  Probe  
  96  6:15  Probe  
  97  6:19  Pylon, Probe, Stargate  
  97  6:22  Probe, Assimilator  
  99  6:26  Pylon  
  99  6:27  Probe  
  99  6:28  Pylon  
  99  6:32  Probe  
  101  6:38  Carrier (Chrono Boost)  
  101  6:39  Nexus  
  101  6:41  Pylon  
  101  6:47  Probe x2  
  108  6:49  Carrier (Chrono Boost)  
  108  6:51  Pylon  
  115  6:57  Shield Battery  
  115  6:58  Probe  
  115  6:59  Pylon, Probe x2  
  118  7:05  Zealot x3  
  124  7:10  Probe  
  124  7:11  Probe  
  124  7:12  Probe  
  124  7:15  Carrier (Chrono Boost)  
  123  7:22  Probe  
  121  7:23  Probe  
  121  7:24  Probe  
  132  7:43  Carrier (Chrono Boost)  
  129  7:48  Nexus  
  129  7:50  Carrier (Chrono Boost)  
  135  7:53  Photon Cannon  
  135  7:54  Shield Battery, Zealot x3  
  141  8:04  Pylon  
  141  8:05  Assimilator, Pylon, Protoss Air Weapons Level 2 (Chrono Boost)  
  141  8:07  Pylon  
  141  8:08  Assimilator  
  141  8:18  Stalker x3  
  145  8:21  Void Ray, Photon Cannon  
  145  8:22  Shield Battery  
  145  8:29  Photon Cannon  
  144  8:37  Photon Cannon  
  144  8:39  Photon Cannon  
  148  8:41  Photon Cannon  
  148  8:43  Pylon  
  148  8:45  Void Ray  
  148  8:46  Pylon  
  148  8:47  Flux Vanes  
  148  8:51  Void Ray  
  152  8:58  Shield Battery  
  152  9:01  Photon Cannon  
  152  9:04  Pylon  
  152  9:12  Shield Battery  
  152  9:15  Photon Cannon  
  152  9:17  Photon Cannon  
  152  9:18  Void Ray, Photon Cannon  
  152  9:21  Photon Cannon  
  152  9:22  Shield Battery  
  160  9:25  Zealot  
  160  9:28  Void Ray  
  140  9:43  Void Ray (Chrono Boost)  
  144  9:47  Photon Cannon  
  144  9:50  Photon Cannon  
  144  9:52  Photon Cannon  
  142  9:53  Photon Cannon  
  142  9:58  Zealot x2  
  142  10:03  Zealot  
  130  10:07  Probe x2  
  130  10:08  Void Ray (Chrono Boost), Probe x2  
  134  10:20  Void Ray (Chrono Boost), Twilight Council  
  145  10:23  Void Ray (Chrono Boost)  
  145  10:26  Shield Battery  
  145  10:28  Pylon  
  142  10:32  Photon Cannon  
  142  10:33  Photon Cannon  
  142  10:35  Shield Battery  
  142  10:36  Protoss Ground Weapons Level 1 (Chrono Boost), Pylon  
  142  10:42  Gateway  
  146  10:51  Sentry  
  152  10:57  Templar Archives  
  152  10:58  Void Ray (Chrono Boost)  
  152  11:03  Void Ray (Chrono Boost)  
  156  11:13  Void Ray (Chrono Boost)  
  156  11:17  Gateway  
  156  11:20  Gateway  
  156  11:28  Protoss Air Weapons Level 3 (Chrono Boost)  
  160  11:36  High Templar x3  
  160  11:37  Void Ray, High Templar  
  172  11:42  Archon  
  172  11:43  Archon  
  174  11:48  Void Ray  
  174  11:49  Charge (Chrono Boost)  
  174  11:56  Robotics Facility  
  174  11:57  Gateway  
  174  11:59  Gateway  
  174  12:08  High Templar x2  
  174  12:09  High Templar  
  180  12:19  Void Ray (Chrono Boost)  
  180  12:21  Archon  
  172  12:23  High Templar  
  172  12:24  High Templar x2  
  170  12:32  Archon x2  
  170  12:36  Void Ray x2 (Chrono Boost)  
  158  12:51  Zealot x4  
  170  12:58  Void Ray  
  170  13:02  Zealot x4  
  178  13:12  Void Ray x2  
  186  13:19  Zealot x4  
  194  13:20  Probe  
  167  13:35  Probe  
  167  13:38  Probe  
  167  13:40  Zealot x7  
  167  13:41  Zealot  
  161  13:42  Probe  
  146  13:51  Carrier x3 (Chrono Boost)  
  148  14:00  Immortal (Chrono Boost)  
  144  14:03  High Templar  
  144  14:04  High Templar x4  
  144  14:05  High Templar, Zealot x2  
  144  14:09  Archon x2  
  164  14:10  Archon  
  164  14:14  Protoss Ground Weapons Level 2 (Chrono Boost)  
  149  14:29  Immortal (Chrono Boost)  
  149  14:30  High Templar x2  
  153  14:34  Archon  
  153  14:42  Zealot x6  
  165  14:50  Photon Cannon  
  165  14:51  Probe  
  165  14:52  Photon Cannon  
  164  14:53  Photon Cannon  
  142  15:06  Warp Prism (Chrono Boost), High Templar x4  
  142  15:07  High Templar x2  
  152  15:10  Archon, Zealot x2  
  152  15:11  Archon x2  
  160  15:18  Shield Battery  
  160  15:20  Pylon  
  172  15:29  Void Ray  
  172  15:30  Void Ray x2  
  172  15:33  Immortal (Chrono Boost), Zealot x2  
  175  15:42  Sentry  
  181  15:44  Zealot x5  
  182  16:00  High Templar x2  
  186  16:05  Archon  
  194  16:12  Void Ray  
  194  16:13  Void Ray, Zealot x3  
  194  16:17  Observer (Chrono Boost)  
  193  16:57  High Templar x4  
  193  16:58  Zealot x4  
  193  17:01  Archon x2  
  191  17:25  Zealot x4  
  183  17:37  Zealot x4  
  153  17:54  High Templar x4  
  153  17:55  Probe  
  136  18:01  Archon x2  
  136  18:04  High Templar x4  
  114  18:10  Archon x2  
  106  18:30  Zealot x4  

Tags
 
Add a new tag
Caveats
  • Supply blocks, unpowered buildings, or Contaminate may cause inaccurate times.
  • Supply counts are checked every 10 seconds.